 Dungeon Crawl Stone Soup version 0.16-a0-623-g20b2139 (webtiles) character file.

217 RobertPalmer the Insei (level 5, -3/45 HPs)
             Began as a Hill Orc Monk on Sept 18, 2014.
             Killed by divine providence
             ... invoked by an orc priest
              (12 damage)
             ... on Level 4 of the Dungeon.
             The game lasted 00:08:28 (3158 turns).

RobertPalmer the Insei (Hill Orc Monk)              Turns: 3158, Time: 00:08:28

HP  -3/45        AC  4     Str 23      XL: 5   Next: 94%
MP   5/5         EV 13     Int 10      God:
Gold 128         SH  0     Dex 14      Spells:  0 memorised,  4 levels left

rFire  . . .     SeeInvis .       - Unarmed
rCold  + . .     Clarity  .     a - +0 robe
rNeg   . . .     rCorr    .     (no shield)
rPois  .         rRot     .     (no helmet)
rElec  .         Spirit   .     e - +1 cloak
SustAb .         Warding  .     (no gloves)
rMut   .         Stasis   .     (no boots)
Gourm  .                        (no amulet)
MR     .....                    n - +4 ring of strength
                                q - ring of protection from cold

@: mighty, lethally poisoned, flying, not resistant to hostile enchantments,
unstealthy
A: no striking features
a: Convert to Beogh


You were on level 4 of the Dungeon.
You were not hungry.

You visited 1 branch of the dungeon, and saw 4 of its levels.

You collected 128 gold pieces.


   Skills:
 - Level 3.6 Fighting
 + Level 2.6 Dodging
 - Level 1.5 Stealth
 - Level 7.5 Unarmed Combat


You had 4 spell levels left.
You didn't know any spells.

Inventory:

Hand weapons
 b - a +0 blowgun
Missiles
 g - 22 stones (quivered)
 w - 9 poisoned needles
Armour
 a - a +0 robe (worn)
 e - a +1 cloak (worn)
Comestibles
 h - a slice of pizza
 j - 3 bread rations
 m - a beef jerky
 o - 2 meat rations
 u - a rotting chunk of gnoll flesh {@*1}
 z - a chunk of giant newt flesh {@*1}
Scrolls
 c - a scroll of identify
 f - a scroll of recharging
 i - a scroll of immolation {unknown}
 k - a scroll of fog {unknown}
 r - a scroll of amnesia {unknown}
 s - a scroll of teleportation {unknown}
 t - a scroll of remove curse
Jewellery
 n - a +4 ring of strength (right hand)
 q - a ring of protection from cold (left hand)
 v - an uncursed ring of teleport control {unknown}
Potions
 d - 2 potions of might
 l - a potion of flight

Dungeon Overview and Level Annotations

Branches:
Dungeon (4/15)
 Temple: D:4-7

Altars:

Annotations:
D:2 Sigmund

#.%..........J ##....#...>....
##...####....... . ##...##
##.....## #....###. ###..).#
#.....[.##......... #......#
.>...............#
............................##
............
#..............####
............
#.@................
...........#
##.S......##.......#
..!........
#..........#......(#
...###.$..
#....##..).........# ..## #..
##.(o###..o..oo###.. ..#
##...##.o....## ##.
##...##.....# ## ##o.o......#
# ##.o......##


You could see an orc priest, 2 orc wizards, an orc (wandering) and a ball
python.


Message History

The puff of frost misses you.
The orc wizard gestures at you while chanting.
The puff of flame hits you!
* * * LOW HITPOINT WARNING * * *
Drink which item? (? for menu, Esc to quit)
You feel very buoyant.
You fly up into the air.
It was a potion of flight.
Drink which item? (? for menu, Esc to quit)
You feel refreshed.
It was a potion of restore abilities.
The orc wizard glows brightly for a moment.
The orc wizard mumbles some strange words.
You feel a wave of unholy energy pass over you.
Drink which item? (? for menu, Esc to quit)
That liquid tasted very nasty...
You are poisoned.
It was a potion of poison.
You feel sick. The ball python misses you. The ball python closely misses you.
You feel sick.
The orc priest prays to Beogh.
You feel a wave of unholy energy pass over you.
The orc wizard becomes somewhat translucent.
You feel sick.
The orc wizard shouts!
The orc wizard is no longer moving quickly.
The orc wizard gestures wildly while chanting.
The orc wizard seems to speed up.
You feel sick.
The orc priest mumbles some strange prayers to Beogh against you.
Something smites you!
You die...

Action                   |  1- 3 |  4- 6 || total
-------------------------+-------+-------++-------
Melee: Unarmed           |   137 |    54 ||   191
 Fire: Blowgun           |       |    16 ||    16
Throw: Stone             |     8 |       ||     8
  Use: Scroll            |     5 |       ||     5
       Potion            |       |     4 ||     4
 Stab: Distracted        |     1 |       ||     1
       Sleeping          |       |     3 ||     3
  Eat: Chunk             |     4 |     3 ||     7

Vault maps used:
D:1:      dpeg_arrival_rhombus
D:2:      serial_forest, infiniplex_forest_clump_small,
          infiniplex_forest_lined_2, infiniplex_forest_lined_4_way,
          infiniplex_forest_straight_3, infiniplex_forest_lined_3_way,
          infiniplex_forest_lined_3, infiniplex_forest_straight_1,
          kennysheep_generic_room_10, uniq_sigmund
D:3:      uniq_jessica

Notes
Turn   | Place    | Note
--------------------------------------------------------------
     0 | D:1      | RobertPalmer, the Hill Orc Monk, began the quest for the Orb.
     0 | D:1      | Reached XP level 1. HP: 19/19 MP: 1/1
   144 | D:1      | Reached XP level 2. HP: 20/26 MP: 2/2
   531 | D:1      | Reached skill level 5 in Unarmed Combat
  1219 | D:2      | Reached XP level 3. HP: 25/31 MP: 3/3
  1592 | D:2      | Noticed Sigmund
  2186 | D:3      | Noticed Jessica
  2193 | D:3      | Killed Jessica
  2193 | D:3      | Reached skill level 6 in Unarmed Combat
  2193 | D:3      | Reached XP level 4. HP: 33/39 MP: 4/4
  2839 | D:4      | Reached XP level 5. HP: 42/45 MP: 5/5
  2894 | D:4      | Reached skill level 7 in Unarmed Combat
  3158 | D:4      | Killed from afar by an orc priest

Vanquished Creatures
  A hound (D:3)
  3 worker ants (D:4)
  Jessica (D:3)
  2 gnolls (D:3)
  3 adders
  2 giant geckos
  11 goblins
  6 hobgoblins
  10 jackals
  7 kobolds
  4 bats
  2 giant cockroaches (D:1)
  2 giant newts
  A quokka (D:2)
  6 rats
61 creatures vanquished.
